 Dungeon Crawl Stone Soup version 0.20.0-6-gd3061e9 (webtiles) character file.

170 Iflex the Poker (level 5, -1/41 HPs)
             Began as a Merfolk Gladiator on May 28, 2017.
             Was an Initiate of Ru.
             Killed from afar by Ijyb (20 damage)
             ... with a wand of acid (?/15)
             ... on level 3 of the Dungeon.
             The game lasted 00:03:47 (2157 turns).

Iflex the Poker (Merfolk Gladiator)                 Turns: 2157, Time: 00:03:47

Health: -1/41      AC:  0    Str: 15    XL:     5   Next: 51%
Magic:  5/5        EV: 14    Int:  8    God:    Ru [......]
Gold:   30         SH:  0    Dex: 15    Spells: 4/4 levels left

rFire    . . .     SeeInvis .   a - +0 trident
rCold    . . .     Gourm    .   (no shield)
rNeg     . . .     Faith    .   b - +0 leather armour
rPois    .         Spirit   .   c - +0 helmet
rElec    .         Reflect  .   (no cloak)
rCorr    .         Harm     .   (no gloves)
MR       .....                  (no boots)
Stlth    ++........             (no amulet)
Regen    0.2/turn               (no ring)
MPRegen  0.1/turn               (no ring)

@: corroded
A: change form in water, swift swim, stealthy swim
a: Renounce Religion


You were on level 3 of the Dungeon.
You worshipped Ru.
Ru was noncommittal.
You were not hungry.

You visited 1 branch of the dungeon, and saw 3 of its levels.

You collected 30 gold pieces.

Inventory:

Hand Weapons
 a - a +0 trident (weapon)
Missiles
 d - 3 throwing nets (quivered)
Armour
 b - a +0 leather armour (worn)
 c - a +0 helmet (worn)
Jewellery
 j - an uncursed ring of magical power {unknown}
Wands
 o - a wand of disintegration (14/24)
Scrolls
 e - a scroll of recharging {unknown}
 i - 2 scrolls of identify {unknown}
 l - a scroll of remove curse {unknown}
 n - a scroll of enchant armour {unknown}
 p - a scroll of fog {unknown}
 r - a scroll of enchant weapon {unknown}
 s - a scroll of teleportation {unknown}
Potions
 k - a potion of lignification {unknown}
 m - 2 potions of curing {unknown}
 q - a potion of might {unknown}
Comestibles
 f - 2 bread rations
 g - 2 meat rations
 h - a royal jelly


   Skills:
 + Level 3.1 Fighting
 + Level 6.3 Polearms
 + Level 2.2 Throwing
 + Level 0.8 Armour
 + Level 5.0 Dodging
 + Level 1.7 Stealth


You had 4 spell levels left.
You didn't know any spells.

Dungeon Overview and Level Annotations

Branches:
Dungeon (3/15)

Altars:
Ru

Annotations:
D:3 Ijyb


Message History

You kill the bat!
No target in view!
No target in view!
No target in view!
s - a scroll labeled TENATE LOIVU No target in view!
No target in view!
Ijyb the Twisted Goblin comes into view.
She is wielding a dagger of draining.
Ijyb shouts!
Ijyb screams, "Me stronger than you!"
Ijyb zaps a wand.
The bolt of acid misses you.
It is a wand of acid (?/15).
A two-headed ogre comes into view.
It is wielding a giant spiked club and a dire flail.
The two-headed ogre shouts in stereo!
Ijyb zaps a wand.
The bolt of acid hits you! The acid corrodes you!
You are splashed with acid!
The acid burns!
You are too injured to fight recklessly!
You are too injured to fight recklessly!
You are too injured to fight recklessly!
Ijyb zaps a wand.
The bolt of acid hits you!
You die...

....
#..#............###
..g
##............(.# ..
#..
#..............#....
#.##.#..#######.###
...
##..........##....)
#............... ..
#..............
#...(....!..####
#......@........
....##........###
....#..###........
........# #.g......
...#..... .........
##..# .......O. #..
##........ #........
#........


You could see a two-headed ogre, Ijyb and a hobgoblin (wandering).

Vanquished Creatures
  Natasha (twice) (D:2)
  3 adders
  4 worms
  A dart slug (D:2)
  2 leopard geckos (D:2)
  4 orcs (D:3)
  8 giant cockroaches
  7 goblins
  3 hobgoblins
  2 jackals (D:2)
  4 quokkas
  10 bats
  6 frilled lizards
  6 kobolds
  16 rats
78 creatures vanquished.

Notes
Turn   | Place    | Note
-------+----------+-------------------------------------------
     0 | D:1      | Iflex the Merfolk Gladiator began the quest for the Orb.
     0 | D:1      | Reached XP level 1. HP: 16/16 MP: 1/1
    79 | D:1      | Reached XP level 2. HP: 22/22 MP: 2/2
   578 | D:2      | Reached skill level 5 in Polearms
   578 | D:2      | Reached XP level 3. HP: 28/28 MP: 3/3
   741 | D:2      | Noticed Natasha
   767 | D:2      | Killed Natasha
   767 | D:2      | Reached skill level 1 in Stealth
   767 | D:2      | Reached XP level 4. HP: 19/34 MP: 4/4
  1383 | D:2      | Noticed Natasha
  1394 | D:2      | Killed Natasha
  1394 | D:2      | Reached skill level 6 in Polearms
  1607 | D:2      | Reached XP level 5. HP: 38/40 MP: 5/5
  1711 | D:2      | Found a sacrificial altar of Ru.
  1730 | D:2      | Became a worshipper of Ru the Awakened
  1783 | D:3      | Reached skill level 5 in Dodging
  2153 | D:3      | Noticed Ijyb
  2156 | D:3      | Noticed a two-headed ogre
  2157 | D:3      | Killed from afar by Ijyb

Skill      XL: |  1  2  3  4  5 |
---------------+----------------+-----
Polearms       | 5 6 |  6.3
Stealth        | 1 |  1.7
Fighting       | 3 |  3.1
Dodging        | 5 |  5.0
Throwing       | |  2.2
Armour         | |  0.8

Action                   |  1- 3 |  4- 6 || total
-------------------------+-------+-------++-------
Melee: Trident           |   127 |   130 ||   257
Throw: Throwing net      |       |     1 ||     1
 Stab: Sleeping          |     5 |     7 ||    12
  Eat: Chunk             |       |     4 ||     4
Armor: Leather armour    |    32 |    22 ||    54
Dodge: Dodged            |    67 |    79 ||   146
